 Dungeon Crawl Stone Soup version 0.20-b1-14-g8425815 (webtiles) character file.

28 tof the Ducker (level 3, 15/15 HPs)
             Began as a Felid Venom Mage on May 23, 2017.
             Quit the game on level 2 of the Dungeon.
             The game lasted 00:08:07 (1966 turns).

tof the Ducker (Felid Venom Mage)                   Turns: 1966, Time: 00:08:07

Health: 15/15      AC:  1    Str:  4    XL:     3   Next: 0%
Magic:  7/7        EV: 18    Int: 16    God:
Gold:   74         SH:  0    Dex: 17    Spells: 6/7 levels left
                                        Lives:  0   Deaths: 1

rFire    . . .     SeeInvis +     - Unarmed
rCold    . . .     Gourm    .   (shield unavailable)
rNeg     . . .     Faith    .   (armour unavailable)
rPois    .         Spirit   .   (helmet unavailable)
rElec    .         Reflect  .   (cloak unavailable)
rCorr    .         Harm     .   (gloves unavailable)
MR       .....                  (boots unavailable)
Stlth    +++.......             (no amulet)
Regen    0.1/turn               (no ring)
MPRegen  0.1/turn               (no ring)

@: quick
A: no armour, no weapons or thrown items, stealth, claws 1, fangs 3, see
invisible, carnivore 3, speed 1, shaggy fur 1, slow metabolism 1, sharp paws
a: no special abilities


You were on level 2 of the Dungeon.
You were not hungry.

You visited 1 branch of the dungeon, and saw 2 of its levels.

You collected 74 gold pieces.

Inventory:

Wands
 f - a wand of digging (2/24)
Scrolls
 c - a scroll of teleportation {unknown}
 d - a scroll of amnesia {unknown}
 e - a scroll of identify {unknown}
Books
 a - a Young Poisoner's Handbook

   Spells                             Type                      Level
   a - Sting                          Conjuration/Poison           1
   b - Poisonous Vapours              Poison/Air                   2
   c - Mephitic Cloud                 Conjuration/Poison/Air       3
   d - Olgreb's Toxic Radiance        Poison                       4
   e - Venom Bolt                     Conjuration/Poison           5
Comestibles
 b - 2 meat rations
 g - a chunk of flesh


   Skills:
 * Level 1.1 Fighting
 + Level 3.2 Dodging
 + Level 3.0 Stealth
 * Level 1.3 Unarmed Combat
 + Level 2.5 Spellcasting
 + Level 1.1 Conjurations
 + Level 3.1 Poison Magic


You had 6 spell levels left.
You knew the following spells:

 Your Spells              Type           Power        Failure   Level  Hunger
a - Sting                 Conj/Pois      #...         9%          1    #......


Dungeon Overview and Level Annotations

Branches:
Dungeon (2/15)

Altars:


Innate Abilities, Weirdness & Mutations

You cannot wear armour.
You are incapable of wielding weapons or throwing items.
Your paws allow you to move quietly. (Stealth)
You have sharp claws.
You have razor-sharp teeth.
You have supernaturally acute eyesight. (SInv)
You are carnivorous and can eat meat at any time.
You cover ground quickly.
You are covered in fur. (AC +1)
You have a slow metabolism.
Your sharp claws are effective at attacking unaware monsters.


Message History

* * * LOW HITPOINT WARNING * * *
You are more poisoned.
The adder poisons you! The adder completely misses you.
You aren't carrying any potions.
The bat barely misses you. The bat misses you.
There is an open door here.
Casting: Sting
Confirm with . or Enter, or press ? or * to list all spells.
Aiming: Sting
Press: ? - help, Shift-Dir - straight line, f/p - adder
Aim: an adder (lightly wounded)
The sting hits the adder.
The adder is poisoned.
The adder is heavily wounded.
You die...
You feel sick. The bat hits you. The adder misses you.
You are now level 3!
You rejoin the land of the living...
You can't grasp things well enough to throw them.
You can't grasp things well enough to throw them.
Are you sure you want to abandon this character and quit the game? (Confirm with "yes".) ## .. #.#####.# #....@..# #######.# #

There were no monsters in sight!

Vanquished Creatures
  Terence (D:2)
  An adder (D:2)
  A worm (D:1)
  3 leopard geckos
  A ball python (D:1)
  2 giant cockroaches
  2 goblins (D:1)
  5 hobgoblins
  3 kobolds
  4 bats
  A frilled lizard (D:1)
  3 rats (D:1)
27 creatures vanquished.

Notes
Turn   | Place    | Note
-------+----------+-------------------------------------------
     0 | D:1      | tof the Felid Venom Mage began the quest for the Orb.
     0 | D:1      | Reached XP level 1. HP: 7/7 MP: 4/4
    85 | D:1      | Reached skill level 1 in Conjurations
   192 | D:1      | Reached XP level 2. HP: 2/12 MP: 1/6
  1033 | D:1      | Reached skill level 1 in Unarmed Combat
  1103 | D:1      | Reached skill level 1 in Fighting
  1325 | D:2      | Reached XP level 3. HP: 15/15 MP: 2/7
  1397 | D:2      | Noticed Terence
  1736 | D:2      | Killed Terence
  1840 | D:1      | Reached XP level 4. HP: 17/19 MP: 0/8
  1965 | D:2      | Succumbed to an adder's poison
  1966 | D:2      | Reached XP level 3. HP: 0/15 MP: 7/7
  1966 | D:2      | Quit the game

Skill      XL: |  1  2  3 |
---------------+----------+-----
Conjurations   | 1 |  1.1
Dodging        | 3 |  3.2
Unarmed Combat | 1 |  1.3
Fighting       | 1 |  1.1
Poison Magic   | 3 |  3.1
Stealth        | 3 |  3.0
Spellcasting   | |  2.5

Action                   |  1- 3 |  4- 6 || total
-------------------------+-------+-------++-------
Melee: Unarmed           |    46 |     4 ||    50
       Bite              |     1 |       ||     1
 Cast: Sting             |    54 |     2 ||    56
  Eat: Chunk             |     9 |     1 ||    10
Armor: Skin              |     5 |     1 ||     6
Dodge: Dodged            |    48 |    22 ||    70
